 Dungeon Crawl Stone Soup version 0.30-a0-385-gfebfb9b408 (webtiles) character file.

Game seed: 5274976060070550625

205 KennySheep the Shooter (level 5, 0/44 HPs)
             Began as a Demigod Hunter on Dec 2, 2022.
             Slain by a jelly (2 damage)
             ... on level 3 of the Dungeon.
             The game lasted 00:05:17 (2428 turns).

KennySheep the Shooter (Demigod Hunter)             Turns: 2428, Time: 00:05:18

Health: 0/44       AC:  3    Str: 16    XL:     5   Next: 27%
Magic:  7/7        EV: 12    Int: 11    God:
Gold:   175        SH:  0    Dex: 17    Spells: 4/4 levels left

rFire   x . .      SeeInvis .    a - +0 great mace
rCold   . . .      Faith    .    (shield currently unavailable)
rNeg    . . .      Spirit   .    c - +0 leather armour
rPois   .          Reflect  .    (no helmet)
rElec   +          Harm     .    d - +0 cloak
rCorr   .          Rampage  .    k - +2 pair of gloves of Living Tender Moments {rElec rF- Slay+4 Stlth+}
Will    .....                    (no boots)
Stlth   +++.......               (no amulet)
HPRegen 0.27/turn                (no ring)
MPRegen 0.10/turn                (no ring)

@: weakened, corroded
A: high MP 1, forlorn, divine attributes
a: no special abilities


You were on level 3 of the Dungeon.
You visited 1 branch of the dungeon, and saw 4 of its levels.

You collected 231 gold pieces.
You spent 56 gold pieces at shops.

Inventory:

Hand Weapons
 a - a +0 great mace (weapon)
 b - a +0 shortbow
Armour
 c - a +0 leather armour (worn)
 d - a +0 cloak (worn)
 k - the +2 pair of gloves of Living Tender Moments (worn) {rElec rF- Slay+4 Stlth+}
   (You acquired it on level 3 of the Dungeon)

   Slay:      It affects your accuracy & damage with ranged weapons and melee
   (+4).
   rF:        It makes you vulnerable to fire.
   rElec:     It insulates you from electricity.
   Stlth:     It makes you more stealthy.
Scrolls
 f - 2 scrolls of immolation
 h - 2 scrolls of identify
 i - a scroll of silence
Potions
 e - 2 potions of cancellation
 g - 3 potions of curing
 j - a potion of heal wounds
 l - a potion of resistance {unknown}


   Skills:
 + Level 2.8 Fighting
 * Level 2.9 Maces & Flails
 - Level 3.8 Ranged Weapons
 + Level 1.2 Armour
 - Level 2.4 Dodging
 - Level 1.9 Stealth


You had 4 spell levels left.
You didn't know any spells.
Your spell library was empty.

Dungeon Overview and Level Annotations

Branches:
Dungeon (4/15)
 Temple: D:4-7

Shops:
D:1 !


Innate Abilities, Weirdness & Mutations

You have an increased reservoir of magic. (+10% MP)
You shall have no god before yourself.
Your divine heritage dramatically boosts your attributes as you level up.


Message History

The jelly quivers.
The gnoll bouda attacks as you move away!
The gnoll bouda misses you.
The gnoll bouda gazes fiercely through you!
You feel your attacks grow feeble. The gnoll barely misses you.
Found a stone staircase leading down.
The jelly barely misses you.
The gnoll is no longer moving quickly.
The gnoll bouda gazes fiercely through you!
You feel as though you will be weak longer.
The jelly closely misses you. The jelly attacks as you move away!
The jelly misses you.
The gnoll bouda attacks as you move away!
The gnoll bouda hits you with a +0 whip!
The gnoll is no longer moving quickly.
There is an escape hatch in the ceiling here.
The gnoll bouda gazes fiercely through you!
You feel as though you will be weak longer.
The jelly hits you but does no damage. The gnoll hits you but does no damage.
A mysterious force pulls you upwards. The hatch slams shut behind you.
The jelly attacks as you move away! The jelly closely misses you.
The jelly attacks as you move away! The jelly closely misses you.
You see here a frilled lizard skeleton.
The jelly attacks as you move away! The jelly barely misses you.
You sock the jelly!
Your hands burn!
The jelly is heavily wounded.
The jelly hits you but does no damage.
The gnoll bouda gazes fiercely through you!
You feel as though you will be weak longer.
The jelly hits you.
You are splashed with acid!
You hit the jelly. The acid corrodes you!
Your hands burn!
* * * LOW HITPOINT WARNING * * *
The jelly is severely wounded.
The jelly hits you.
* * * LOW HITPOINT WARNING * * *
You are splashed with acid!
* * * LOW HITPOINT WARNING * * *
The jelly hits you.
You die...

######...# #....# ##.# #)##
.....)...# #....### #.# #.##
.........#
#......######.#####.#
.........#
##.........##.......#
.........# #.....###.####.....#
.........# ####...##..........#
########## #.#......~..###.#
########### #.###..~⌠~..# #.#
#.........# #@# #..~.~..###.#
#........÷####J# #...........##
#............#g#####.....##...#
#.....................##.......
#...(.....##.#...####.##.###...
#.........##[###......##.# ##..
#.........##.# ######....# #..
############.## #..### ##. #..#
##..## #.


You could see a gnoll bouda and a jelly.

Vanquished Creatures
  An orc priest (D:3)
  An orc wizard (D:2)
  6 adders
  2 gnolls (D:4)
  2 dart slugs
  3 orcs
  5 ball pythons
  6 endoplasms
  5 giant cockroaches
  7 goblins
  6 hobgoblins
  4 jackals (D:3)
  3 kobolds
  3 quokkas
  6 bats
  3 frilled lizards
  3 rats
66 creatures vanquished.

Notes
Turn   | Place    | Note
-------+----------+-------------------------------------------
     0 | D:1      | KennySheep the Demigod Hunter began the quest for the Orb.
     0 | D:1      | Reached XP level 1. HP: 17/17 MP: 3/3
    57 | D:1      | Reached skill level 1 in Stealth
   169 | D:1      | Reached XP level 2. HP: 24/24 MP: 4/4
   523 | D:1      | Found Kuxun's Distillery.
   526 | D:1      | Bought a potion of degeneration for 14 gold pieces
   526 | D:1      | Bought a potion of curing for 42 gold pieces
   797 | D:2      | Identified the +5 spear "Sunel" {vorpal, Str+5 Dex-5}
   887 | D:2      | Reached skill level 1 in Maces & Flails
   887 | D:2      | Reached XP level 3. HP: 18/29 MP: 5/5
  1137 | D:2      | Reached XP level 4. HP: 32/37 MP: 6/6
  1930 | D:3      | Identified a scroll of acquirement
  1930 | D:3      | Acquired the +2 pair of gloves of Living Tender Moments
                  | {rElec rF- Slay+4 Stlth+}
  2064 | D:3      | Reached skill level 1 in Armour
  2232 | D:3      | Reached XP level 5. HP: 42/42 MP: 7/7
  2428 | D:3      | HP: 2/44 [acid (8)]
  2428 | D:3      | Slain by a jelly

Illustrated notes

Levels and vault maps discovered:
D:1:      ebering_trefoil_3fold, layout_basic, serial_curves, eino_curves_02,
          eino_curves_02, serial_shops, nicolae_shop_behind_doors
D:2:      layout_basic, minmay_split_cup_large
D:3:      layout_rooms, corexii_leaking_fountain
D:4:      nicolae_cairo_tiling, layout_basic, mainiacjoe_overflow_boulevard

Skill      XL: |  1  2  3  4 |
---------------+-------------+-----
Stealth        | 1 |  1.9
Fighting       | 2 |  2.8
Dodging        | 2 |  2.4
Maces & Flails | 1 2 |  2.9
Armour         | 1 |  1.2
Ranged Weapons | |  3.8

Action                   |  1- 3 |  4- 6 || total
-------------------------+-------+-------++-------
Melee: Great mace        |    16 |    63 ||    79
 Fire: Shortbow          |    68 |    17 ||    85
  Use: Scroll            |     3 |     4 ||     7
       Potion            |       |     1 ||     1
 Stab: Sleeping          |       |     2 ||     2
Armor: Leather armour    |     7 |    39 ||    46
Dodge: Dodged            |    23 |    75 ||    98

Table legend: (Time is in decaauts)
 A = Elapsed time spent in this place.
 B = Non-inter-level travel time spent in this place.
 C = Inter-level travel time spent in this place.
 D = Time resting spent in this place.
 E = Time spent auto-exploring this place.
 F = Levels seen in this place.
 G = Mean time per level.
                   A        B        C        D        E       F      G
               +--------+--------+--------+--------+--------+-----+--------+
         Total |   2499 |   2423 |     76 |     32 |   1932 |   4 |  624.8 |
       Dungeon |   2499 |   2423 |     76 |     32 |   1932 |   4 |  624.8 |
               +--------+--------+--------+--------+--------+-----+--------+

Top non-repeatable levels by time:
     D:2: 1201 daAuts
     D:1: 739 daAuts
     D:3: 525 daAuts
     D:4: 32 daAuts
